 Dungeon Crawl Stone Soup version 0.18.1-50-g88ac8fd (webtiles) character file.

7627 KarmaPolice the Thaumaturge (level 10, -6/50 HPs)
             Began as a Deep Elf Enchanter on Sept 23, 2016.
             Was a Priest of Vehumet.
             Mangled by a cyan ugly thing (17 damage)
             ... on level 11 of the Dungeon.
             The game lasted 00:54:58 (12513 turns).

KarmaPolice the Thaumaturge (Deep Elf Enchanter)   Turns: 12513, Time: 00:54:59

Health: -6/50      AC:  9    Str:  8    XL:     10   Next: 98%
Magic:  13/26      EV: 13    Int: 21    God:    Vehumet [***...]
Gold:   374        SH:  0    Dex: 15    Spells: 5 memorised, 18 levels left

rFire  . . .     SeeInvis .     B - +1 dagger (venom)
rCold  . . .     Gourm    .     b - +1 robe
rNeg   + . .     Faith    .     (no shield)
rPois  .         Spirit   .     q - +0 helmet
rElec  .         Dismiss  .     M - +1 cloak
rCorr  +         Reflect  .     U - +1 pair of gloves
SustAt .         Harm     .     y - +0 pair of boots
MR     +....                    (no amulet)
Stlth  ++++......               p - ring of resist corrosion
                                f - ring of positive energy

@: somewhat resistant to hostile enchantments, stealthy
A: no striking features
a: Renounce Religion


You were on level 11 of the Dungeon.
You worshipped Vehumet.
Vehumet was most pleased with you.
You were not hungry.

You visited 2 branches of the dungeon, and saw 12 of its levels.

You collected 458 gold pieces.
You spent 84 gold pieces at shops.

Inventory:

Hand Weapons
 B - a +1 dagger of venom (weapon)
 O - a +0 blowgun
 X - a +2 dagger of protection
Missiles
 P - 2 curare-tipped needles
Armour
 b - a +1 robe (worn)
 q - a +0 helmet (worn)
 y - a +0 pair of boots (worn)
 M - a +1 cloak (worn)
 U - a +1 pair of gloves (worn)
Jewellery
 f - a ring of positive energy (left hand)
 p - a ring of resist corrosion (right hand)
Scrolls
 a - 2 scrolls of fog
 g - 2 scrolls of enchant armour
 i - a scroll of teleportation
 j - a scroll of remove curse
 k - 2 scrolls of magic mapping
 n - 4 scrolls of immolation
 r - a scroll of noise {unknown}
 t - 5 scrolls of random uselessness
 v - 2 scrolls of amnesia
 z - a scroll of enchant weapon {unknown}
 D - a scroll of vulnerability {unknown}
 F - 2 scrolls of blinking {unknown}
 Q - a scroll of torment {unknown}
 V - a scroll of fear {unknown}
Potions
 e - 3 potions of resistance
 h - 2 potions of cure mutation
 l - 3 potions of lignification {unknown}
 m - 3 potions of flight
 o - 3 potions of curing
 u - 2 potions of berserk rage {unknown}
 w - 3 potions of ambrosia {unknown}
 A - 2 potions of heal wounds {unknown}
 C - 2 potions of brilliance {unknown}
 G - 4 potions of agility {unknown}
 K - a potion of haste
 N - 2 potions of mutation {unknown}
 S - a potion of magic {unknown}
 T - 2 potions of degeneration {unknown}
Books
 c - a book of Maledictions

   Spells                             Type                      Level
   a - Corona                         Hexes                        1
   b - Ensorcelled Hibernation        Hexes/Ice                    2
   c - Confuse                        Hexes                        3
   d - Tukima's Dance                 Hexes                        3
   e - Dazzling Spray                 Conjuration/Hexes            3
 H - a book of Alchemy

   Spells                             Type                      Level
   a - Sublimation of Blood           Necromancy                   2
   b - Ignite Poison                  Fire/Transmutation/Poison    3
   c - Petrify                        Transmutation/Earth          4
   d - Alistair's Intoxication        Transmutation/Poison         5
   e - Irradiate                      Conjuration/Transmutation    5
 J - a book of the Dragon

   Spells                             Type                      Level
   a - Flame Tongue                   Conjuration/Fire             1
   b - Cause Fear                     Hexes                        4
   c - Bolt of Fire                   Conjuration/Fire             6
   d - Dragon Form                    Transmutation                7
   e - Dragon's Call                  Summoning                    9
 R - a book of Envenomations

   Spells                             Type                      Level
   a - Spider Form                    Transmutation/Poison         3
   b - Olgreb's Toxic Radiance        Poison                       4
   c - Alistair's Intoxication        Transmutation/Poison         5
   d - Poisonous Cloud                Conjuration/Poison/Air       6
Comestibles
 d - 8 bread rations
 s - 25 fruits
 x - a meat ration
 E - a slice of pizza
 I - a royal jelly
 L - 3 beef jerkies


   Skills:
 - Level 4.0 Short Blades
 - Level 2.4 Dodging
 - Level 8.0 Stealth
 + Level 10.7 Spellcasting
 + Level 8.1 Conjurations
 - Level 10.5 Hexes
 + Level 8.9 Ice Magic


You had 18 spell levels left.
You knew the following spells:

 Your Spells              Type           Power        Failure   Level  Hunger
a - Corona                Hex            ######.      1%          1    None
b - Ensorcelled Hibernat  Hex/Ice        ######       1%          2    None
c - Confuse               Hex            ######..     1%          3    None
d - Tukima's Dance        Hex            ######..     1%          3    None
e - Dazzling Spray        Conj/Hex       ######       1%          3    None


Dungeon Overview and Level Annotations

Branches:
Dungeon (11/15)            Temple (1/1) D:7            Lair (0/8) D:8
    Orc: D:9-12

Altars:
Ashenzari
Cheibriados
Dithmenos
Elyvilon
Fedhas
Gozag
Kikubaaqudgha
Makhleb
Nemelex Xobeh
Okawaru
Pakellas
Qazlal
Ru
Sif Muna
Trog
Vehumet
Xom
Yredelemnul
The Shining One

Shops:
D:4 [   D:5 ?   D:7 }   D:9 :


Message History

Found a scroll of remove curse.
You hit the cyan ugly thing but do no damage.
The cyan ugly thing is lightly wounded.
You hit the cyan ugly thing but do no damage.
The cyan ugly thing is lightly wounded.
You hit the cyan ugly thing.
The cyan ugly thing is moderately wounded.
You hit the cyan ugly thing but do no damage.
The cyan ugly thing is moderately wounded.
You hit the cyan ugly thing.
The cyan ugly thing is heavily wounded.
You hit the cyan ugly thing but do no damage.
The cyan ugly thing is heavily wounded.
The cyan ugly thing gores you! The cyan ugly thing shocks you!
You hit the cyan ugly thing.
The cyan ugly thing is heavily wounded.
The cyan ugly thing gores you!
* * * LOW HITPOINT WARNING * * *
The cyan ugly thing shocks you!
You die...

# ## ##
#.#.##########.###.
#.#?.................
#......@u#.(....[....
#####..#...#.....##
##...#....####
######.#<# #.#.#
#.#.# #.#.##########
#.#.....>.)...
#.###########.


You could see a cyan ugly thing (confused).

Vanquished Creatures
  The ghost of nikopol the Cleaver, a novice MiBe of Trog (D:9)
  Maurice (D:8)
  A troll (D:10)
  10 yaks
  A dancing weapon (D:4)
  2 hippogriffs (D:10)
  A hungry ghost (D:10)
  A soldier ant (D:10)
  An orc warrior (D:8)
  2 sky beasts
  2 black bears
  A necrophage (D:7)
  2 ice beasts
  3 ogres
  3 centaurs
  2 crocodiles
  3 big kobolds
  Blork the orc (D:6)
  A giant frog (D:8)
  A gnoll sergeant (D:10)
  A wyvern zombie (D:11)
  4 scorpions
  2 electric eels (D:7)
  2 howler monkeys
  A giant frog zombie (D:8)
  4 crimson imps
  A quasit (D:9)
  4 hounds
  Crazy Yiuf (D:3)
  4 jellies
  2 giant frog skeletons
  3 orc priests
  3 orc wizards
  A centaur skeleton (D:8)
  4 iguanas
  6 worker ants
  A hound zombie (D:10)
  A worker ant zombie (D:6)
  7 gnolls
  5 river rats (D:8)
  11 adders
  2 shadow imps (D:5)
  A worm (D:4)
  5 giant geckos
  36 orcs
  6 giant cockroaches
  5 goblins
  4 hobgoblins
  15 jackals
  8 quokkas
  12 bats
  A giant gecko skeleton (D:9)
  3 giant newts
  13 kobolds
  17 rats
  A fungus (D:3)
237 creatures vanquished.

Vanquished Creatures (collateral kills)
  Erica (D:10)
  2 hill giants
  2 ogres
  A giant frog (D:10)
  3 wights (D:10)
  A gnoll (D:10)
  An orc (D:6)
11 creatures vanquished.

Vanquished Creatures (others)
  2 dancing weapons
  A gnoll (D:10)
  A quokka zombie (D:5)
4 creatures vanquished.

Grand Total: 252 creatures vanquished

Notes
Turn   | Place    | Note
--------------------------------------------------------------
     0 | D:1      | KarmaPolice the Deep Elf Enchanter began the quest for the Orb.
     0 | D:1      | Reached XP level 1. HP: 10/10 MP: 6/6
   612 | D:1      | Reached XP level 2. HP: 15/15 MP: 8/8
   623 | D:1      | Learned a level 2 spell: Ensorcelled Hibernation
  1647 | D:2      | Reached XP level 3. HP: 16/19 MP: 2/10
  1704 | D:2      | Learned a level 3 spell: Confuse
  2042 | D:2      | Learned a level 3 spell: Tukima's Dance
  2189 | D:3      | Found a stormy altar of Qazlal.
  2468 | D:3      | Found an ancient bone altar of Kikubaaqudgha.
  2627 | D:3      | Reached XP level 4. HP: 24/24 MP: 6/11
  3176 | D:3      | Found a deep blue altar of Sif Muna.
  3259 | D:3      | Noticed Crazy Yiuf
  3265 | D:3      | Killed Crazy Yiuf
  3314 | D:4      | Found an oddly glowing altar of Pakellas.
  3395 | D:4      | Found Vaomiwn's Antique Armour Boutique.
  3463 | D:4      | Found a burning altar of Makhleb.
  3580 | D:4      | Reached XP level 5. HP: 28/28 MP: 4/13
  3928 | D:4      | Reached skill level 1 in Ice Magic
  4025 | D:4      | Reached skill level 5 in Hexes
  4296 | D:5      | Entered Level 5 of the Dungeon
  4415 | D:5      | Found Xaenwiniesh's Magic Scroll Boutique.
  4446 | D:5      | Bought a scroll of fog for 28 gold pieces
  4446 | D:5      | Bought a scroll of identify for 28 gold pieces
  4446 | D:5      | Bought a scroll of identify for 28 gold pieces
  4484 | D:5      | Noticed an ogre
  4496 | D:5      | Killed an ogre
  4496 | D:5      | Reached XP level 6. HP: 32/32 MP: 2/15
  4844 | D:5      | Reached skill level 5 in Stealth
  5255 | D:5      | Reached skill level 5 in Spellcasting
  5949 | D:6      | Reached XP level 7. HP: 30/36 MP: 12/16
  6061 | D:6      | Learned a level 3 spell: Dazzling Spray
  6324 | D:6      | Reached skill level 1 in Conjurations
  6446 | D:6      | Noticed Blork the orc
  6462 | D:6      | Killed Blork the orc
  6670 | D:6      | Reached XP level 8. HP: 41/41 MP: 16/19
  6850 | D:7      | Found Justuxec's Gadget Emporium.
  7217 | D:7      | Found a staircase to the Ecumenical Temple.
  7226 | Temple   | Entered the Ecumenical Temple
  7240 | Temple   | Became a worshipper of Vehumet
  7584 | D:7      | Found a sacrificial altar of Ru.
  7584 | D:7      | Found a deep blue altar of Sif Muna.
  7644 | D:8      | Noticed Maurice
  7663 | D:8      | Killed Maurice
  7663 | D:8      | Reached skill level 5 in Ice Magic
  7804 | D:8      | Reached XP level 9. HP: 32/45 MP: 15/22
  8111 | D:8      | Reached * piety under Vehumet
  8111 | D:8      | Offered knowledge of Freeze by Vehumet.
  8668 | D:8      | Found a staircase to the Lair.
  8898 | D:9      | Found Ojipel Ysso's Book Shoppe.
  8915 | D:9      | Reached skill level 5 in Conjurations
  9156 | D:9      | Noticed nikopol's ghost (novice MiBe)
  9741 | D:9      | Found a shattered altar of Ashenzari.
  9784 | D:9      | Offered knowledge of Throw Flame by Vehumet.
  9798 | D:9      | Reached ** piety under Vehumet
 10353 | D:9      | Reached XP level 10. HP: 28/50 MP: 17/25
 10654 | D:9      | Killed nikopol's ghost
 10654 | D:9      | Reached skill level 10 in Hexes
 10722 | D:10     | Entered Level 10 of the Dungeon
 10956 | D:10     | Noticed a hill giant
 10975 | D:10     | Reached skill level 10 in Spellcasting
 10987 | D:10     | Killed a hill giant
 11370 | D:10     | Offered knowledge of Inner Flame by Vehumet.
 11471 | D:10     | Noticed Erica
 11694 | D:10     | Killed Erica
 11855 | D:10     | Reached *** piety under Vehumet
 12468 | D:11     | Noticed a hill giant
 12477 | D:11     | Killed a hill giant
 12491 | D:11     | Noticed a cyan ugly thing
 12513 | D:11     | Mangled by a cyan ugly thing

Skill      XL: |  1  2  3  4  5  6  7  8  9 10 |
---------------+-------------------------------+-----
Short Blades   | 2 3 4 |  4.0
Stealth        | 4 5 6 7 8 |  8.0
Spellcasting   | 4 5 6 7 9 10 | 10.7
Ice Magic      | 1 2 3 5 7 8 |  8.9
Hexes          | 5 6 8 9 10 | 10.5
Conjurations   | 2 4 6 8 |  8.1
Dodging        | |  2.4

Action                   |  1- 3 |  4- 6 |  7- 9 | 10-12 || total
-------------------------+-------+-------+-------+-------++-------
Melee: Dagger            |   138 |   123 |   294 |   119 ||   674
 Cast: Corona            |     6 |    11 |    11 |     6 ||    34
       Ensorcelled Hiber |    27 |    37 |    67 |    33 ||   164
       Tukima's Dance    |     1 |     5 |     9 |    11 ||    26
       Confuse           |       |    12 |    35 |    32 ||    79
  Use: Scroll            |       |     6 |     4 |     6 ||    16
 Stab: Sleeping          |    29 |    29 |    48 |    25 ||   131
       Confused          |       |     3 |    18 |    12 ||    33
       Distracted        |       |       |     5 |       ||     5
  Eat: Chunk             |     6 |    10 |    15 |     6 ||    37
       Fruit             |       |     2 |       |     3 ||     5
Armor: Robe              |    38 |    15 |   102 |    16 ||   171
Dodge: Dodged            |   115 |    33 |   187 |    36 ||   371
